[Event "*** SCC Grand Prix: Titled Tuesday Blitz"]
[Site "Chess.com"]
[Date "2020.06.09"]
[Round "5"]
[White "Makswolf200817"]
[Black "Shahinyan_ChessMood"]
[Result "1-0"]
[WhiteElo "2437"]
[BlackElo "2578"]
[TimeControl "180+1"]
[EndTime "9:58:05 PDT"]
[Termination "Makswolf200817 won by resignation"]

1. Nf3 e6 2. c4 f5 3. Nc3 Nf6 4. d4 d5 5. Bf4 c6 6. e3 Bd6 7.
Bd3 O-O 8. O-O Ne4 9. h3 Qe7 10. Rc1 Nd7 11. c5 Bb8 12. b4 e5 13. dxe5 Nxe5 14. Bxe5 Bxe5 15. Ne2 a5 16. b5 Bc7 17. Qc2 Bd7 18. bxc6 bxc6 19. Nfd4 Rf6 20. f3 Ng3 21. Nxg3 Qxe3+ 22. Qf2 Qxd3 23. Rfd1 Qa3 24. Nh5 Rg6 25. f4 Re8 26. Re1 Re4 27. Nf3 h6 28. Kh1 Rge6 29. Ng3 Rxe1+ 30. Rxe1 Rxe1+ 31. Qxe1 Bxf4 32. Nh5 Qc1 33. Nxf4 Qxf4 34. Qe7 Qc1+ 35. Ng1 d4 36. Qxd7 Qxc5 37.
Nf3 Qc1+ 38. Kh2 Qf4+ 39. Kh1 c5 40. Qc8+ Kh7 41. Qxc5 d3 42. Qxa5 Qc1+ 43. Kh2 Qf4+ 44. Kg1 Qe3+ 45. Kh1 Qc1+ 46. Kh2 Qf4+ 47. Kg1 Qc1+ 48.
Kf2 Qc2+ 49. Qd2 Qc5+ 50. Kf1 Qd6 51. Ne1 Qd5 52. Qxd3 Qxa2 53. Qxf5+ Kh8 54. Nf3 Qa6+ 55. Kg1 Qb6+ 56. Kh1 Qe3 57. Qc8+ Kh7 58. Qf5+ Kh8 59. Kh2 Qc1 60. Nh4 Qc7+ 61. Kg1 Qc1+ 62. Qf1 Qc5+ 63.
Kh1 Qd4 64. Qf8+ Kh7 65. Qf5+ Kg8 66. Qe6+ Kh7 67. Nf3 Qd1+ 68. Qe1 Qb1 69. Qxb1+ 1-0

[Event "*** SCC Grand Prix: Titled Tuesday Blitz"]
[Site "Chess.com"]
[Date "2020.06.09"]
[Round "5"]
[White "GiorgianBarbosa"]
[Black "Ariadna_Atreides"]
[Result "1-0"]
[WhiteElo "2332"]
[BlackElo "1958"]
[TimeControl "180+1"]
[EndTime "9:58:07 PDT"]
[Termination "GiorgianBarbosa won on time"]

1. Nf3 d5 2. g3 Nf6 3. Bg2 c6 4. O-O Bg4 5. b3 Nbd7 6. Bb2 Bxf3 7. Bxf3 e5 8. Be4 dxe4 9. d3 exd3 10. cxd3 Be7 11. Nd2 O-O 12. Nc4 Qc7 13. a4 Rfd8 14. Qc2 Nd5 15. Qd2 f6 16. e4 N5b6 17. Ne3 Nc5 18.
Qe2 Nxb3 19. Rab1 Nd4 20. Qg4 Qd7 21. Qd1 Ne6 22. Qg4 Ng5 23. Nf5 g6 24. h4 gxf5 25. exf5 h6 26. hxg5 hxg5 27. Kg2 Kg7 28. Rh1 Rh8 29.
a5 Nd5 30. Bxe5 fxe5 31. f6+ Nxf6 32. Qxg5+ Kf7 33. Qxe5 Qd5+ 34. Qxd5+ Nxd5 35. Rxh8 Rxh8 36. Rxb7 Ra8 37. f4 Ke6 38. Kf3 Bd6 39. Ke4 a6 40.
f5+ Kf6 41. Rd7 Re8+ 42. Kf3 Be5 43. g4 Ne7 44. Ra7 Rd8 45. Rxa6 Rxd3+ 46. Ke4 Rd4+ 47. Kf3 Rf4+ 48. Ke3 Rxg4 49. Ra8 Ra4 50. a6 Bd4+ 51. Kd3 Nd5 52. Rf8+ Ke7 53. Ra8 Kf6 54. Rc8 Kxf5 55. Kc2 Nb4+ 56. Kb3 Rxa6 57. Rf8+ Ke6 58. Kc4 Kd6 59.
Rh8 c5 60. Rh6+ Kc7 61. Rh7+ 1-0

[Event "*** SCC Grand Prix: Titled Tuesday Blitz"]
[Site "Chess.com"]
[Date "2020.06.09"]
[Round "5"]
[White "Hikaru"]
[Black "Nyzhnyk_Illia"]
[Result "1/2-1/2"]
[WhiteElo "3229"]
[BlackElo "2888"]
[TimeControl "180+1"]
[EndTime "9:58:09 PDT"]
[Termination "Game drawn - insufficient material"]

1. Nf3 Nf6 2. b3 g6 3. Bb2 Bg7 4. e3 O-O 5. d4 d6 6. Be2 c6 7.
O-O Nbd7 8. a4 Qc7 9. a5 e5 10. c4 Re8 11. Nc3 Nf8 12. a6 b6 13. d5 c5 14. Nb5 Qe7 15. Nd2 e4 16. b4 h5 17. h3 N8h7 18. bxc5 bxc5 19. Re1 Ng5 20. Bf1 h4 21. Ra3 Rb8 22. Qa1 Nh5 23. Bxg7 Nxg7 24. Rb1 Rb6 25. Nc3 Qd8 26. Rxb6 Qxb6 27. Nb5 Nf5 28.
Rb3 Re7 29. Ra3 Nh7 30. Be2 Ng7 31. Nc3 f5 32. Bd1 Ne8 33. Ba4 Nc7 34. Bb5 Rf7 35. Rb3 Nxa6 36. Be8 Nb4 37. Bxf7+ Kxf7 38. Ra3 a6 39.
Qb1 Nf6 40. Na2 Nd7 41. Rb3 a5 42. Nc3 Ne5 43. Ra3 Bd7 44. Ne2 g5 45. Nc3 Qa6 46. Qf1 a4 47. Nb5 Nxd5 48. f4 exf3 49.
Nxf3 Nxf3+ 50. Qxf3 Nf6 51. Qd1 Bxb5 52. cxb5 Qxb5 53.
Rxa4 Qc6 54. Ra7+ Kg6 55. Qb3 c4 56. Qc3 Qe4 57. Ra6 Qd5 58. Qd4 Qxd4 59. exd4 d5 60. Re6 g4 61. Kf2 Kg5 62. Ke3 f4+ 63. Ke2 f3+ 64.
gxf3 gxh3 65. Kf2 Kf5 66. Re5+ Kf4 67. Re7 h2 68. Kg2 h1=Q+ 69. Kxh1 Kxf3 70. Rf7 c3 71. Rxf6+ Ke3 72. Rc6 Kxd4 73. Kg2 Kd3 74. Kh3 Kd2 75. Kxh4 d4 76. Kg3 d3 77. Kf3 c2 78. Ke4 Ke2 79.
Rc3 d2 80. Rxc2 Ke1 81. Rxd2 Kxd2 1/2-1/2

[Event "*** SCC Grand Prix: Titled Tuesday Blitz"]
[Site "Chess.com"]
[Date "2020.06.09"]
[Round "5"]
[White "Gahan-MG"]
[Black "RusPakhom"]
[Result "0-1"]
[WhiteElo "2517"]
[BlackElo "2385"]
[TimeControl "180+1"]
[EndTime "9:58:09 PDT"]
[Termination "RusPakhom won by resignation"]

1. e4 e6 2. b3 d5 3. Bb2 c5 4.
exd5 exd5 5. Bb5+ Nc6 6. Qe2+ Be6 7. Nf3 Nf6 8. O-O Bd6 9. d4 O-O 10. dxc5 Bxc5 11. Nbd2 d4 12. Rad1 Bg4 13. h3 Bh5 14.
Qc4 Qd6 15. Bxc6 bxc6 16. Rde1 Rad8 17. Re5 Bb6 18. Rfe1 Bg6 19. a4 d3 20. a5 Bc7 21.
cxd3 Bxd3 22. Qc5 Qxc5 23. Rxc5 Bb5 24. Bxf6 gxf6 25. Nc4 Rd5 26. Rxd5 cxd5 27. Ne3 Bxa5 28. Rd1 Rd8 29. Nxd5 Kg7 30. Ra1 Rxd5 31. Rxa5 a6 32. Kh2 Rd3 33. b4 Rb3 34. Ra2 Rxb4 35. Kg3 Ra4 36. Rd2 Rc4 37. Rd6 Rc6 38. Rd5 Bc4 39. Ra5 Bb5 40. Nd4 Rb6 41. Kf4 Kg6 42. g4 Rd6 43.
Nf5 Rd5 44. Ra3 Rc5 45. Re3 Rc4+ 46. Kg3 h5 47. Re7 hxg4 48. hxg4 Rc3+ 49. f3 Bc6 50. Nd4 Bd5 51. Rd7 Bc4 52. Rd6 a5 53. Nf5 a4 54.
Rd8 a3 55. Ra8 a2 56. Ne7+ Kg7 57. Nf5+ Kh7 58. Kf4 Rc1 59. Ne3 a1=Q 60. Rxa1 Rxa1 61. Nxc4 Ra4 0-1

[Event "*** SCC Grand Prix: Titled Tuesday Blitz"]
[Site "Chess.com"]
[Date "2020.06.09"]
[Round "5"]
[White "AshotParvanyan"]
[Black "PavelChernomordik"]
[Result "1-0"]
[WhiteElo "2442"]
[BlackElo "2270"]
[TimeControl "180+1"]
[EndTime "9:58:09 PDT"]
[Termination "AshotParvanyan won on time"]

1. Nf3 g6 2. c4 Bg7 3. e4 d6 4. d4 Bg4 5. Be2 Nc6 6. Nbd2 e5 7.
d5 Nce7 8. O-O h6 9. Ne1 Bd7 10. Nd3 f5 11. f4 exf4 12. Nxf4 Nf6 13. Bd3 O-O 14. exf5 gxf5 15. Nf3 Ng4 16. h3 Ne5 17. Nd4 N7g6 18. Nde6 Qh4 19. Nxg6 Nxg6 20. Nxf8 Rxf8 21.
Be3 Bxb2 22. Rb1 Bd4 23. Bxd4 Qxd4+ 24. Kh1 Ne5 25. Be2 Qh4 26. Rxb7 f4 27. Qe1 Qg5 28.
Rxc7 Rf7 29. Bf3 Kg7 30. Rxa7 Nxc4 31. Qe4 Ne5 32. Qd4 Qg3 33. Qe4 Rf6 34. Qe1 Qg5 35. Qf2 Rg6 36. Re1 Kf6 37. Be4 Rg7 38. Rf1 f3 39. Bxf3 Kg6 40. Be4+ Kh5 41. Qf6 Qxf6 42.
Rxf6 Kg5 43. Rxd6 Kf4 44. Bf3 h5 45. Rf6+ Ke3 46. Bxh5 Nd3 47. Ra3 Kd4 48. Rf3 Ne5 49. Rf4+ Kc5 50. Bf3 Kd6 51. Ra6+ Ke7 52. Re4 Rg5 53.
Kh2 Rf5 54. h4 Kf7 55. Rd4 Nxf3+ 56. gxf3 Rxf3 57. Ra7 Ke7 58. Re4+ Kd6 59. Ra6+ Kxd5 60. Re1 Rh3+ 61. Kg2 Rxh4 62. Rd1+ Kc5 63. Rxd7 1-0

[Event "*** SCC Grand Prix: Titled Tuesday Blitz"]
[Site "Chess.com"]
[Date "2020.06.09"]
[Round "5"]
[White "BilguunSu"]
[Black "SergeyKarjakin"]
[Result "1/2-1/2"]
[WhiteElo "2625"]
[BlackElo "2958"]
[TimeControl "180+1"]
[EndTime "9:58:10 PDT"]
[Termination "Game drawn by repetition"]

1. e4 c6 2. d4 d5 3. Nd2 dxe4 4. Nxe4 Bf5 5. Ng3 Bg6 6. h4 h6 7. Nf3 Nd7 8. h5 Bh7 9. Bd3 Bxd3 10. Qxd3 e6 11.
Bd2 Ngf6 12. O-O-O Be7 13. Ne4 Nxe4 14. Qxe4 Nf6 15. Qe2 Qd5 16. Kb1 Qe4 17. Be3 O-O 18. Ne5 Nd5 19. Rhe1 Nxe3 20. Qxe3 Qxe3 21. Rxe3 Rfd8 22.
Red3 Rd6 23. c3 Rad8 24. Kc2 Rd5 25. f4 f6 26. Ng6 Bd6 27. g4 Kf7 28. c4 Ra5 29. a3 Ra4 30. c5 Bc7 31. f5 exf5 32. Re1 Re8 33. Rxe8 Kxe8 34. gxf5 b6 35. b4 a5 36. Kb3 b5 37. Re3+ Kd8 38. Re7 axb4 39.
axb4 Ra1 40. Rxg7 Rb1+ 41. Kc3 Rc1+ 42. Kd3 Rd1+ 43. Ke3 Re1+ 44. Kd2 Rb1 45. Nf8 Bh2 46. Ne6+ Ke8 47. d5 cxd5 48. c6 Rb2+ 49. Kc3 Be5+ 50. Kd3 Rb3+ 51. Kd2 Rb2+ 52. Kd3 Rb3+ 53. Kd2 Rb2+ 54. Kc1 Rxb4 55. c7 Rc4+ 56. Kd2 Bxc7 57. Nxc7+ Kf8 58. Ne6+ Ke8 59. Rh7 b4 60. Rxh6 b3 61.
Rh8+ Kf7 62. Rb8 Rh4 63. Rb7+ Kg8 64. Rxb3 Rxh5 65. Rf3 Kf7 66. Kd3 Ke7 67. Nd4 Kd6 68. Re3 Kc5 69. Rg3 Rh1 70. Ne6+ Kd6 71. Nd4 Kc5 72. Nf3 Rh5 73. Nd4 Rh1 1/2-1/2

[Event "*** SCC Grand Prix: Titled Tuesday Blitz"]
[Site "Chess.com"]
[Date "2020.06.09"]
[Round "5"]
[White "MuhittinBuker"]
[Black "DACF2905"]
[Result "0-1"]
[WhiteElo "1895"]
[BlackElo "2228"]
[TimeControl "180+1"]
[EndTime "9:58:11 PDT"]
[Termination "DACF2905 won on time"]

1. d4 Nf6 2. c4 e6 3. Nf3 b6 4. g3 Bb7 5. Bg2 Be7 6. O-O O-O 7. Nc3 d5 8. cxd5 exd5 9. Bf4 Nbd7 10. Rc1 c6 11. h3 Re8 12. Re1 Nf8 13. a3 Ng6 14.
Bg5 Ne4 15. Bxe7 Rxe7 16. e3 Qd6 17. b4 Rae8 18. Qc2 Nxc3 19. Qxc3 h6 20. h4 h5 21. Ng5 f6 22. Nh3 Rc7 23. Bf3 Bc8 24. Kg2 Bg4 25. Qd3 Bxf3+ 26. Kxf3 Re4 27. Kg2 Nf8 28. Rc3 Qe7 29.
Rec1 Re6 30. Nf4 Rd6 31. Nxh5 Ne6 32. Qf5 c5 33. bxc5 bxc5 34. Nf4 Nxf4+ 35. Qxf4 c4 36. h5 Rdc6 37. g4 Kf7 38. Qf5 Qe6 39.
Qg6+ Kg8 40. h6 Qf7 41. Qxf7+ Kxf7 42. h7 Rc8 43. Rh1 Rh8 44. f3 g5 45. e4 dxe4 46. fxe4 Kg6 47. Rhc1 Rxh7 48. Rxc4 Rxc4 49. Rxc4 Rb7 50. a4 Rb3 51. Rc6 Rb4 52. e5 Rxd4 53. Rxf6+ Kg7 54. Ra6 Rxg4+ 55. Kf3 Rf4+ 56. Kg3 Re4 57.
e6 Kf6 58. Rxa7 Rxe6 59. Ra5 Re3+ 60. Kg4 Re4+ 61. Kg3 Kg6 62. Ra8 Kf5 63. a5 Ra4 64. a6 Ra3+ 65. Kf2 Kg4 66. a7 Ra2+ 67. Ke3 Kg3 68.
Rg8 Rxa7 69. Rxg5+ Kh4 70. Rb5 Ra4 71. Kd3 Rf4 0-1

[Event "*** SCC Grand Prix: Titled Tuesday Blitz"]
[Site "Chess.com"]
[Date "2020.06.09"]
[Round "5"]
[White "Chessmatus"]
[Black "yobdc"]
[Result "0-1"]
[WhiteElo "2473"]
[BlackElo "2253"]
[TimeControl "180+1"]
[EndTime "9:58:18 PDT"]
[Termination "yobdc won by resignation"]

1. e4 e5 2. Nf3 Nc6 3. Bb5 a6 4. Ba4 Nf6 5. O-O Be7 6. Re1 b5 7. Bb3 d6 8. c3 O-O 9. h3 Na5 10.
Bc2 c5 11. d4 Qc7 12. Nbd2 Nc6 13. d5 Nd8 14. a4 Rb8 15. Nf1 c4 16. Ng3 Ne8 17. Be3 f6 18. Qd2 Nf7 19. axb5 axb5 20.
Ra7 Rb7 21. Rea1 g6 22. b3 cxb3 23. Bxb3 Ng7 24. Rxb7 Bxb7 25. Qd3 Ra8 26. Rxa8+ Bxa8 27. Qxb5 Qxc3 28. Qb8+ Bf8 29. Nd2 Qa1+ 30. Kh2 Qa6 31. Nc4 Qb7 32. Ba7 h5 33. Na5 Qxb8 34. Bxb8 h4 35. Ne2 f5 36. Ba4 Be7 37. Bc6 Bd8 38. Nc4 Bxc6 39. dxc6 Ne6 40. Nc3 Bc7 41. Bxc7 Nxc7 42.
Nd5 Ne6 43. exf5 gxf5 44. c7 Nxc7 45. Nxc7 Kg7 46. Nd5 Kg6 47. f3 f4 48. Kg1 Kf5 49.
Kf2 Ke6 50. Nc7+ Kd7 51. Nb5 Kc6 52. Nc3 Kc5 53. Nd2 d5 54. Ke2 Nd6 55. Kd3 Nf5 56. Nb3+ Kd6 57. Nd1 Kc6 58. Nc1 Kc5 59. Ne2 d4 60. Nc1 Ne3 61. Nxe3 fxe3 62. Ne2 Kd5 63. f4 e4+ 64. Kc2 d3+ 65. Kd1 dxe2+ 66.
Kxe2 Ke6 67. Kxe3 Kf5 68. Ke2 Kxf4 69. Kf2 e3+ 70. Ke2 Ke4 71. Ke1 Kd3 72. Kd1 e2+ 73. Ke1 Ke3 0-1

[Event "*** SCC Grand Prix: Titled Tuesday Blitz"]
[Site "Chess.com"]
[Date "2020.06.09"]
[Round "5"]
[White "ZarinaShafigullina"]
[Black "RitvarsReimanis"]
[Result "0-1"]
[WhiteElo "2239"]
[BlackElo "2488"]
[TimeControl "180+1"]
[EndTime "9:58:21 PDT"]
[Termination "RitvarsReimanis won by resignation"]

1. d4 Nf6 2. Nf3 e6 3. g3 d5 4. Bg2 Be7 5. O-O O-O 6. c4 dxc4 7. Ne5 Nc6 8. Nxc6 bxc6 9. Na3 Bd7 10. Nxc4 Rb8 11. e4 c5 12. d5 Bb5 13. b3 Bxc4 14.
bxc4 exd5 15. cxd5 Rb4 16. Qc2 Nd7 17. f4 Nb6 18.
Rd1 Qc8 19. Bf1 Rd4 20. Bb2 Rxd1 21. Rxd1 Rd8 22. Bc4 c6 23. d6 Bxd6 24. e5 Bf8 25. Bd3 g6 26. f5 Nd5 27. Qf2 Nb4 28. Be2 Rxd1+ 29. Bxd1 Qxf5 30. Qxf5 gxf5 31. a3 Nd5 32. Ba4 c4 33. Bxc6 c3 34. Bc1 Bc5+ 35. Kg2 Ne3+ 36.
Bxe3 Bxe3 37. Ba4 Bd4 38. Bc2 Bxe5 39. Bxf5 Bd6 40. a4 a5 41. Bc2 h6 42. Kf3 Kg7 43.
h3 Kf6 44. g4 Kg5 45. Bf5 Kh4 46. Kg2 Kg5 47. Kf3 h5 48. Bc2 h4 49. Be4 Kf6 50.
Bc2 Ke5 51. Ke3 Bc5+ 52. Kd3 Bb4 53. Ke3 f6 54. Bf5 Ba3 55. Kd3 Bb2 56. Ke3 Bc1+ 57. Kd3 Bd2 58. Bg6 Kf4 59. Ke2 Kg3 60. Bf5 Bg5 61.
Kd3 Bd2 62. Be6 Bg5 63. Kxc3 Kxh3 64. Kc4 Kg3 65. Kb5 Bd2 66. Bf5 h3 67. g5 fxg5 68. Bxh3 Kh2 69. Kc4 Kxh3 70. Kd3 Bb4 71. Ke4 g4 72. Kf4 g3 73. Kf3 Kh2 74. Kg4 g2 75. Kf3 g1=Q 0-1

[Event "*** SCC Grand Prix: Titled Tuesday Blitz"]
[Site "Chess.com"]
[Date "2020.06.09"]
[Round "5"]
[White "The_Machine04"]
[Black "cukus"]
[Result "1/2-1/2"]
[WhiteElo "2293"]
[BlackElo "2455"]
[TimeControl "180+1"]
[EndTime "9:58:21 PDT"]
[Termination "Game drawn - insufficient material"]

1. d4 Nf6 2. Bg5 g6 3. Bxf6 exf6 4. g3 d5 5. Bg2 c6 6. e3 Bd6 7. Ne2 O-O 8. h4 h5 9. b3 Bg4 10. O-O Re8 11. c4 dxc4 12. b4 Bxb4 13. Qc2 b5 14. a4 Qb6 15. axb5 Qxb5 16. Nbc3 Qf5 17. Qxf5 Bxf5 18. Ra4 a5 19. Rfa1 Nd7 20. Bxc6 Rac8 21.
Bf3 Nb6 22. R4a2 Bd3 23. Rc1 f5 24. Na4 Nxa4 25. Rxa4 Kg7 26. Ra2 Bxe2 27. Bxe2 c3 28. Bd1 Kf6 29. Ba4 Red8 30. Rac2 Ke7 31. Rb1 Kd6 32. Kg2 f6 33. Kf3 g5 34. Rh1 Rh8 35. Rcc1 Rcg8 36. Bc2 f4 37. Bf5 fxe3 38. fxe3 g4+ 39.
Ke2 Re8 40. e4 Kc6 41. Kd3 Kb6 42. Rb1 Rd8 43. Rhc1 Kb5 44. d5 Kc5 45. Rb3 a4 46. Rbxc3+ Bxc3 47. Rxc3+ Kb5 48. Rc1 a3 49. Rb1+ Ka4 50.
Ra1 Kb3 51. Rb1+ Ka4 52. Ra1 Rd6 53. Kc4 Rb8 54. Kc5 Rdd8 55. d6 Rb2 56. d7 a2 57.
Kd6 Ka3 58. Ke7 Rdb8 59. d8=Q Rxd8 60. Kxd8 Rb1 61. Rxa2+ Kxa2 62. Ke7 Rg1 63. Kxf6 Rxg3 64. Kg5 Re3 65. Bxg4 hxg4 66. Kxg4 Rxe4+ 67. Kg5 Kb3 68. h5 Kc4 69. h6 Kd5 70. h7 Re8 71. Kf6 Ke4 72. Kg7 Kf5 73. h8=Q Rxh8 74. Kxh8 1/2-1/2

[Event "*** SCC Grand Prix: Titled Tuesday Blitz"]
[Site "Chess.com"]
[Date "2020.06.09"]
[Round "5"]
[White "novocane"]
[Black "GuerrieroFromLevant"]
[Result "0-1"]
[WhiteElo "2186"]
[BlackElo "2347"]
[TimeControl "180+1"]
[EndTime "9:58:22 PDT"]
[Termination "GuerrieroFromLevant won by resignation"]

1. d4 d5 2. c4 e6 3. Nc3 c5 4. cxd5 exd5 5. Nf3 Nc6 6. g3 Nf6 7. Bg2 cxd4 8. Nxd4 Bc5 9. Be3 Qb6 10. Na4 Qb4+ 11. Kf1 Bxd4 12. a3 Qb5 13. Bxd4 Nxd4 14. Qxd4 O-O 15.
f3 Re8 16. Re1 b6 17. Kf2 Ba6 18. Bf1 Rac8 19. e3 Qa5 20. Bxa6 Qxa6 21. Nc3 Rc4 22. Qd3 Qb7 23. Re2 Rd8 24. Rhe1 h6 25. Rd2 Rd7 26.
Red1 d4 27. Qxc4 dxc3 28. Rxd7 Nxd7 29. Qxc3 Nc5 30. b4 Ne6 31. Qd3 Qc7 32. e4 Qe5 33. Kg2 Qb2+ 34. Rd2 Qc1 35. Rd1 Qb2+ 36. Rd2 Qc1 37. f4 Qc6 38. Qd5 Qc3 39. Qd3 Qc6 40. f5 Ng5 41. Qd8+ Kh7 42. Qd5 Qc3 43. h4 Qf3+ 44. Kh2 Nxe4 45. Rg2 Qe3 46. Qe5 Qd3 47. Qf4 Nf6 48. g4 Nd5 49. Qg3 Qe4 50. g5 Nf4 51. gxh6 g6 52. fxg6+ fxg6 53. Rf2 Nh5 54. Qf3 Qe5+ 55. Kg1 Kxh6 56. Re2 Qa1+ 57. Qf1 Qd4+ 58. Qf2 Qg4+ 59. Qg2 Qd4+ 60. Qf2 Qg4+ 61. Kf1 Nf4 62. Qe3 Qxe2+ 63. Qxe2 Nxe2 64. Kxe2 Kh5 65. Kf2 Kxh4 66. Kg2 g5 67. b5 Kg4 68. a4 Kf4 69.
Kf2 Ke4 0-1

[Event "*** SCC Grand Prix: Titled Tuesday Blitz"]
[Site "Chess.com"]
[Date "2020.06.09"]
[Round "5"]
[White "GukeshDommaraju"]
[Black "Radzio1987"]
[Result "0-1"]
[WhiteElo "2647"]
[BlackElo "2901"]
[TimeControl "180+1"]
[EndTime "9:58:26 PDT"]
[Termination "Radzio1987 won by checkmate"]

1. e4 c6 2. d4 d5 3. exd5 cxd5 4. Bd3 Nc6 5. c3 e6 6. Nf3 Bd6 7. O-O Nge7 8. Re1 O-O 9. b3 f6 10. c4 Bd7 11. Nc3 Rc8 12. Bb2 h6 13. Rc1 Bf4 14.
Ra1 Bb8 15. Qd2 Qc7 16. Rac1 Qf4 17. Qxf4 Bxf4 18. Rcd1 Rfd8 19. Ba3 a5 20. Bc5 Kf7 21. Na4 Rb8 22. Bb6 Re8 23. Nc5 Bc8 24. a3 g5 25.
h3 h5 26. g3 Bd6 27. Bf1 Ra8 28. Rb1 Rg8 29. cxd5 Nxd5 30. Bc4 Nxb6 31. Bxe6+ Bxe6 32. Nxe6 Bxa3 33. Nc7 Rac8 34. Nb5 Bb4 35. Re2 Nd5 36. Nd2 Rge8 37. Ne4 Kg6 38. g4 hxg4 39. hxg4 Re6 40. f3 Nf4 41. Rh2 Rd8 42. Kf2 Nxd4 43. Rbh1 Rxe4 44.
fxe4 Kf7 45. Rh7+ Ke6 46. Nc7+ Ke5 47. Rf7 Bd6 48. Rh6 Bxc7 49. Rxc7 Nde6 50. Rxb7 Rd2+ 51. Ke3 Rd3+ 52. Kf2 Kxe4 53. Rxf6 Rd2+ 54. Ke1 Rb2 55. Rbf7 Nd4 56. Re7+ Kd3 57. Kf1 Nd5 58. Rd6 Nxe7 59.
b4 Rb1+ 60. Kf2 axb4 61. Rd7 Nc6 62. Rg7 Rb2+ 63. Kg3 b3 64. Rxg5 Rc2 65. Rd5 b2 66.
g5 b1=Q 67. g6 Qg1+ 68. Kf4 Qf2+ 69. Kg5 Qg2+ 70. Kf6 Qxd5 71. Kg7 Rf2 72. Kh8 Rh2+ 73. Kg7 Qe5+ 74. Kf7 Qe6+ 75. Kf8 Qe7+ 76. Kg8 Nf5 77. g7 Qxg7# 0-1

[Event "*** SCC Grand Prix: Titled Tuesday Blitz"]
[Site "Chess.com"]
[Date "2020.06.09"]
[Round "5"]
[White "RaunakSadhwani2005"]
[Black "CHESSMASTER759"]
[Result "1-0"]
[WhiteElo "2895"]
[BlackElo "2601"]
[TimeControl "180+1"]
[EndTime "9:58:28 PDT"]
[Termination "RaunakSadhwani2005 won by resignation"]

1. e4 d6 2. d4 Nf6 3. Nc3 e5 4. Nf3 Nbd7 5. Bc4 Be7 6. O-O O-O 7. a4 a5 8. Ba2 c6 9. Qe2 Qc7 10. Rd1 Re8 11. Ng5 Rf8 12. Qc4 Nb6 13. Qb3 d5 14.
dxe5 Nfd7 15. exd5 Nc5 16. Qa3 Qxe5 17. Nf3 Qc7 18.
Bg5 Bxg5 19. Qxc5 Nd7 20. Qc4 Bf6 21. d6 Qb6 22. Ne4 Bd8 23. Neg5 Qb4 24. Re1 Qxc4 25.
Bxc4 Nb6 26. Bb3 Bd7 27. Ne4 Bf5 28. Nc5 Ra7 29. Ne5 Nd5 30. Rad1 Bb6 31. Ncd7 Bd8 32.
Nxf8 Kxf8 33. c4 Nf6 34. c5 Ra8 35. f3 Rc8 36. g4 Be6 37. Bxe6 fxe6 38. Nc4 Nd7 39.
Rxe6 Nxc5 40. Re2 b5 41. d7 Nxd7 42. Rxd7 bxc4 43. Rb7 Bf6 44. Rc2 c3 45. bxc3 Rd8 46. Ra7 Rd3 47. Kg2 Bxc3 48. Rc7 Bb4 49. R7xc6 h6 50.
R6c4 Kg8 51. Re2 Kh7 52. f4 Rd7 53. f5 h5 54. g5 Rd5 55. Rf4 Bd2 56. Rff2 Bxg5 57. Re4 Bf6 58. Rf3 h4 59. h3 Kh6 60.
Kf1 Kg5 61. Rg4+ Kh6 62. Ke2 Re5+ 63. Kd3 Rd5+ 64. Kc4 Re5 65. Rd4 Re2 66. Rg4 Rb2 67.
Kc5 Rc2+ 68. Kb5 Bc3 69. Rxh4+ Kg5 70. Rg4+ Kf6 71. Rg6+ Kf7 72. Rc6 Rb2+ 73. Ka6 Bf6 74. Kxa5 Ke7 75. Ka6 Kd7 76. Re6 Bd8 77. Rd3+ Kc8 78.
Rc3+ Kb8 79. a5 Bc7 80. Re8+ 1-0

[Event "*** SCC Grand Prix: Titled Tuesday Blitz"]
[Site "Chess.com"]
[Date "2020.06.09"]
[Round "5"]
[White "Infernal_XaM"]
[Black "kingmonkey2006"]
[Result "1/2-1/2"]
[WhiteElo "2762"]
[BlackElo "2585"]
[TimeControl "180+1"]
[EndTime "9:58:30 PDT"]
[Termination "Game drawn by repetition"]

1. e4 c5 2. Nf3 d6 3. c3 Nf6 4. Bd3 Bg4 5. h3 Bh5 6. Bc2 Nbd7 7. d3 e6 8. Nbd2 Be7 9. Nf1 d5 10. Ng3 Bxf3 11. Qxf3 O-O 12. O-O Bd6 13. exd5 Nxd5 14. Ne4 Be7 15. Qe2 N7f6 16. Rd1 Qc7 17. d4 Nxe4 18. Qxe4 Nf6 19. Qh4 Rfd8 20. Bg5 cxd4 21. Rxd4 Rxd4 22. Qxd4 h6 23. Bf4 Qc5 24. Qxc5 Bxc5 25.
Rd1 Bb6 26. Kf1 Rd8 27. Rxd8+ Bxd8 28. Be3 a6 29. Ke2 Kf8 30. c4 Ke7 31. b4 a5 32. a3 e5 33. Bf5 axb4 34. axb4 b6 35. Kd3 g6 36. Bc8 Kd6 37. Bxh6 Kc7 38. Ba6 Be7 39.
Bd2 Nh5 40. g3 f5 41. Bb5 Nf6 42. Bc3 e4+ 43. Ke3 Kd6 44. Bd4 Kc7 45. Bxf6 Bxf6 46. Be8 Bg5+ 47. Ke2 Be7 48. Bxg6 f4 49. Bxe4 fxg3 50.
fxg3 Bxb4 51. Kf3 Kd6 52. h4 Ke6 53. g4 Be1 54. h5 Kf6 55. Ke3 Kg5 56. Bf5 Bb4 57. Ke4 Bc5 58. Kd5 Be3 59. Ke6 Kh6 60. Kf7 Bg5 61. Ke6 Be3 62. Kd5 Bc5 63. Kc6 Be3 64. Kd5 Bc5 65. Kc6 Be3 66. Kd5 1/2-1/2

[Event "*** SCC Grand Prix: Titled Tuesday Blitz"]
[Site "Chess.com"]
[Date "2020.06.09"]
[Round "5"]
[White "NidjatMamedov"]
[Black "David_Paravyan"]
[Result "1-0"]
[WhiteElo "2698"]
[BlackElo "2969"]
[TimeControl "180+1"]
[EndTime "9:58:33 PDT"]
[Termination "NidjatMamedov won by resignation"]

1. e4 e5 2. Nf3 Nc6 3. Bb5 Nf6 4. O-O Nxe4 5. d4 Nd6 6. Bxc6 dxc6 7. dxe5 Nf5 8.
Qxd8+ Kxd8 9. Nc3 Ke8 10. Rd1 a5 11. a3 Be7 12. Ne2 Nh4 13. Nfd4 Bd7 14. Nf4 Rd8 15. Be3 c5 16. Nb3 b6 17. Nd5 Bf5 18. Nxe7 Rxd1+ 19. Rxd1 Kxe7 20. Bg5+ Ke6 21. Bxh4 Bxc2 22. Nxc5+ bxc5 23. Rc1 Be4 24. f3 Bd5 25. Rxc5 Rb8 26. Rxa5 Rxb2 27.
h3 c6 28. Bg3 g5 29. Ra8 h5 30. Rg8 Kf5 31. Bf2 h4 32. Rg7 Rb3 33. a4 Ra3 34. a5 Rxa5 35. Be3 Kxe5 36. Rxg5+ Ke6 37. Rg4 Ra1+ 38. Kh2 Ra2 39. Rf4 Rc2 40. Bb6 Bc4 41.
Bd8 Bf1 42. Rg4 f5 43. Rg7 c5 44. Bxh4 c4 45. Kg1 Be2 46. Rg6+ Kd5 47. Rf6 Bd3 48. Bg3 c3 49. h4 Ra2 50. Rd6+ Kc4 51. Rd8 c2 52.
Rc8+ Kb3 53. Bf4 Ra4 54. Bd2 Ra1+ 55. Kh2 Rd1 56. Bf4 Kb2 57. h5 Re1 58. h6 Re7 59. Kg3 Kb3 60. Kh4 Bc4 61. Kg5 Rd7 62. Kg6 Bf7+ 63.
Kf6 Bc4 64. Rb8+ Kc3 65. Rc8 Kd3 66. g4 fxg4 67. fxg4 Rd4 68. Bc1 Rxg4 69. h7 Rg1 70. h8=Q Rxc1 71. Rd8+ Kc3 72. Kf5+ Kb3 73. Rb8+ Ka4 74.
Qe8+ Ka3 75. Qe7+ Ka2 76. Qa7+ 1-0

[Event "*** SCC Grand Prix: Titled Tuesday Blitz"]
[Site "Chess.com"]
[Date "2020.06.09"]
[Round "5"]
[White "Generalas"]
[Black "harlem4brew"]
[Result "0-1"]
[WhiteElo "2360"]
[BlackElo "2208"]
[TimeControl "180+1"]
[EndTime "9:58:34 PDT"]
[Termination "harlem4brew won by resignation"]

1. e4 c5 2. c3 Nf6 3. e5 Nd5 4.
Nf3 Nc6 5. Bc4 e6 6. O-O Nb6 7.
Bb3 Qc7 8. d4 cxd4 9. cxd4 d6 10.
Nc3 a6 11. Bf4 h6 12. Rc1 d5 13. h4 Be7 14. h5 Nd7 15. Re1 Nf8 16. Bg3 Nh7 17.
Bxd5 exd5 18. e6 Qd8 19. exf7+ Kxf7 20. Qb3 Nf6 21. Ne5+ Kg8 22. Ng6 Nxd4 23. Nxe7+ Qxe7 24. Rxe7 Nxb3 25. axb3 Bf5 26. Be5 Rd8 27. Rxb7 d4 28. Na4 d3 29. Rd1 Nxh5 30. Rd2 Re8 31. f4 Rh7 32. Nc5 g5 33. Rxh7 Kxh7 34. g3 Nxg3 35.
Kf2 Rc8 36. b4 Ne4+ 37. Nxe4 Bxe4 38. Ke3 Bf5 39. fxg5 hxg5 40. Rf2 Kg6 41. Bc3 Re8+ 42. Kd4 g4 43. Bd2 Rd8+ 44. Ke3 Re8+ 45. Kf4 Re4+ 46.
Kg3 Re2 47. Rxe2 dxe2 48. Kf2 Bd3 49. Kg3 Kf5 50. Kf2 Bb5 51. Kg3 Bc4 52. Bc3 Bd3 53. Bd2 Be4 54. Bc3 Bf3 55. Bd2 Ke4 56. Bc3 Kd3 57.
Kf2 Kc2 58. Kg3 Kd1 59. Kf2 Bd5 60. Kg3 e1=Q+ 61. Bxe1 Kxe1 62. Kxg4 Kd2 63. Kf4 Kc2 64. Ke5 Bc4 65. Kd4 Kb3 66. Kc5 Bb5 67. Kd4 Kxb2 68. Kc5 Bf1 69. Kd4 Kb3 70. Kc5 Kc3 71. Kb6 Kxb4 72. Kc6 a5 73. Kd5 a4 74. Kd4 0-1

[Event "*** SCC Grand Prix: Titled Tuesday Blitz"]
[Site "Chess.com"]
[Date "2020.06.09"]
[Round "5"]
[White "Jospem"]
[Black "BaMBoMaTTo"]
[Result "1/2-1/2"]
[WhiteElo "2856"]
[BlackElo "2643"]
[TimeControl "180+1"]
[EndTime "9:58:48 PDT"]
[Termination "Game drawn by repetition"]

1. e4 c5 2. Nf3 d6 3. d4 cxd4 4. Nxd4 Nf6 5. Nc3 a6 6. Be2 e5 7. Nf3 Be7 8. Bg5 Nbd7 9. a4 h6 10. Be3 Ng4 11. Bc1 Ngf6 12. Be3 Ng4 13. Bd2 Ngf6 14.
Bc4 Nc5 15. Qe2 Be6 16. O-O Rc8 17. Bxe6 Nxe6 18. Be3 Qa5 19. Nd2 Qb4 20. Rab1 O-O 21. Rfd1 Rfd8 22. Qd3 Nc5 23. Bxc5 dxc5 24. Qe2 c4 25.
Nf3 Rxd1+ 26. Qxd1 Rd8 27. Qe2 Bc5 28. h3 Bd4 29.
Nd1 Qxa4 30. c3 Bc5 31. Nxe5 b5 32. Nf3 Nxe4 33. Ne3 Bxe3 34. Qxe3 Rd1+ 35. Rxd1 Qxd1+ 36. Kh2 Qd6+ 37. g3 Qd3 38. Qf4 f6 39. Nd4 Ng5 40.
h4 Nf7 41. Qb8+ Kh7 42. Qb7 Ne5 43. Ne6 Nf3+ 44. Kg2 Ne1+ 45. Kg1 Nf3+ 46. Kg2 Ne1+ 47. Kh2 Nf3+ 48. Kh3 Qf5+ 49. g4 Qxe6 50. Qxf3 h5 51. Kh2 Qxg4 52. Qc6 Qxh4+ 53. Kg1 Qg4+ 54. Kh2 Qf4+ 55.
Kg2 Qg5+ 56. Kh2 a5 57. Qb6 Qe5+ 58. Kg1 Qe1+ 59. Kg2 Qe4+ 60. Kg1 b4 61. Qxa5 Qb1+ 62. Kg2 Qe4+ 63. Kg1 bxc3 64. Qxh5+ Kg8 65. bxc3 Qe1+ 66.
Kg2 Qe4+ 67. Kg1 Qb1+ 68. Kg2 Qe4+ 69. Kg1 1/2-1/2